 Dungeon Crawl Stone Soup version 0.31-a0-851-g7ff8af7976 (webtiles) character file.

Game seed: 2300197977142572949

513 Dirtsage the Chopper (level 7, 50/52 HPs)
             Began as a Demonspawn Berserker on Oct 5, 2023.
             Was a Believer of Trog.
             Quit the game on level 4 of the Dungeon.
             The game lasted 00:04:32 (2560 turns).

Dirtsage the Chopper (Demonspawn Berserker)         Turns: 2560, Time: 00:04:33

Health: 50/52      AC:  8    Str: 19    XL:     7   Next: 0%
Magic:  7/7        EV:  8    Int:  8    God:    Trog [**....]
Gold:   247        SH:  0    Dex: 13    Spells: 6/6 levels left

rFire   . . .        a - +0 hand axe
rCold   . . .        (no shield)
rNeg    . . .        g - +0 chain mail
rPois   .            (helmet restricted)
rElec   .            (no cloak)
rCorr   .            (no gloves)
SInv    .            (no boots)
Will    .....        (no amulet) Stlth
                     (no ring)
HPRegen 0.28/turn    (no ring)
MPRegen 0.10/turn

%: no passive effects
@: no status effects
A: horns 2, foul stench 1, demonic magic 1
a: Renounce Religion, Berserk, Trog's Hand


You were on level 4 of the Dungeon.
You worshipped Trog.
Trog was pleased with you.
You visited 1 branch of the dungeon, and saw 4 of its levels.

You collected 247 gold pieces.

Inventory:

Hand Weapons
 a - a +0 hand axe (weapon)
Missiles
 f - 5 curare-tipped darts
Armour
 g - a +0 chain mail (worn)
 i - a +0 helmet
Wands
 q - a wand of acid (5)
 t - a wand of polymorph (10)
Scrolls
 c - a scroll of silence
 e - 3 scrolls of amnesia {unknown}
 k - a scroll of blinking {unknown}
 n - a scroll of fog {unknown}
 o - 2 scrolls of fear {unknown}
 p - a scroll of identify {unknown}
 r - a scroll of teleportation {unknown}
 u - a scroll of immolation {unknown}
Potions
 b - a potion of invisibility {unknown}
 d - a potion of cancellation {unknown}
 h - a potion of might {unknown}
 j - a potion of enlightenment {unknown}
 l - a potion of magic {unknown}
 m - a potion of degeneration {unknown}
 s - a potion of haste {unknown}
 v - a potion of mutation {unknown}


   Skills:
 - Level 3.0 Fighting
 + Level 7.3 Axes
 - Level 1.7 Armour
 - Level 1.7 Dodging


You had 6 spell levels left.
You didn't know any spells.
Your spell library contained the following spells:

 Spells                   Type           Power      Damage    Failure   Level
 Cigotuvi's Dreadful Rot  Necr/Pois/Air  0%         N/A       99%         2
 Ignite Poison            Fire/Tmut/Pois 0%         N/A       100%        3
 Ozocubu's Armour         Ice            0%         N/A       100%        3
 Freezing Cloud           Conj/Ice/Air   0%         6-21      100%        5
 Ozocubu's Refrigeration  Ice            0%         4d7       100%        7


Dungeon Overview and Level Annotations

Branches:
Dungeon (4/15)
 Temple: D:4-7

Altars:
Makhleb


Innate Abilities, Weirdness & Mutations

You have a pair of horns on your head.
You may rarely emit foul miasma when damaged in melee.
Spells you cast may paralyse adjacent enemies.


Message History

You barely miss the iguana. The iguana barely misses you.
You hit the iguana. Your headbutt misses the iguana.
The iguana is moderately wounded.
The iguana hisses menacingly.
The iguana bites you.
You take 1 damage, and have 46/47 hp.
You hit the iguana but do no damage.
The iguana is moderately wounded.
The iguana bites you.
You slash the iguana!
You headbutt the iguana, but do no damage.
The iguana is severely wounded.
The iguana hisses menacingly.
The iguana closely misses you.
You hit the iguana but do no damage.
The iguana is severely wounded.
The iguana barely misses you.
You hit the iguana. You headbutt the iguana.
You kill the iguana!
Trog accepts your kill.
No target in view!
You now have 247 gold pieces (gained 12).
v - a fuming puce potion Health restored: 47
Found a stone staircase leading down.
An orc comes into view. It is wielding a +0 whip.
The orc shouts!
The orc hits you with a +0 whip.
You take 2 damage, and have 45/47 hp.
You slash the orc!
You kill the orc!
Trog accepts your kill.
You have reached level 7!
Your demonic ancestry asserts itself...
A menacing aura infuses your magic.
You regained 5 hp, and now have 50/52 hp.
MP restored: 7 Unknown command.
Unknown command.
Are you sure you want to abandon this character and quit the game? (Confirm with "yes".)

...............##
#####
..............##
.)).........###
).).......###
##......###
#)........##
#)รท######..##
#..#
##..#########
#..# #......@)..#
#)##
##.........?.#
#)# #########...#
#.# ..# ..# .#
..# # ..# .## ##


There were no monsters in sight!

Vanquished Creatures
  Sigmund (D:2)
  A hound (D:4)
  Terence (D:3)
  A sleepcap (D:4)
  An iguana (D:4)
  12 gnolls (D:4)
  5 adders
  3 worms
  2 dart slugs
  3 orcs
  7 bats
  7 endoplasms
  4 giant cockroaches (D:2)
  8 goblins
  3 hobgoblins
  2 jackals (D:4)
  2 quokkas
  10 ball pythons
  3 frilled lizards
  8 kobolds
  4 rats
88 creatures vanquished.

Notes
Turn   | Place    | Note
-------+----------+-------------------------------------------
     0 | D:1      | Dirtsage the Demonspawn Berserker began the quest for the
                  | Orb.
     0 | D:1      | Reached XP level 1. HP: 18/18 MP: 1/1
    78 | D:1      | Reached skill level 3 in Axes
   166 | D:1      | Gained mutation: You may rarely emit foul miasma when
                  | damaged in melee. [demonic ancestry]
   166 | D:1      | Reached XP level 2. HP: 22/24 MP: 2/2
   616 | D:2      | Found a faded altar of an unknown god.
   653 | D:2      | Reached ** piety under Trog
   701 | D:2      | Gained mutation: You have a pair of small horns on your
                  | head. [demonic ancestry]
   701 | D:2      | Reached XP level 3. HP: 27/29 MP: 3/3
   948 | D:2      | Reached skill level 4 in Axes
  1226 | D:2      | Noticed Sigmund
  1234 | D:2      | Killed Sigmund
  1235 | D:2      | Reached skill level 5 in Axes
  1235 | D:2      | Gained mutation: You have a pair of horns on your head.
                  | [demonic ancestry]
  1235 | D:2      | Reached XP level 4. HP: 35/35 MP: 4/4
  1235 | D:2      | Reached XP level 5. HP: 41/41 MP: 5/5
  1688 | D:3      | Found a burning altar of Makhleb.
  1801 | D:3      | Noticed Terence
  1806 | D:3      | Killed Terence
  1807 | D:3      | Reached skill level 6 in Axes
  2005 | D:3      | Reached XP level 6. HP: 47/47 MP: 6/6
  2291 | D:4      | Reached skill level 7 in Axes
  2560 | D:4      | Gained mutation: Spells you cast may paralyse adjacent
                  | enemies. [demonic ancestry]
  2560 | D:4      | Reached XP level 7. HP: 50/52 MP: 7/7
  2560 | D:4      | Quit the game

Illustrated notes

Levels and vault maps discovered:
D:1:      psy_arrival_whirlpool, layout_rooms, minmay_split_cup_small
D:2:      layout_loops_cross, shapermc_ecumenical_altar_venn, minmay_between,
          uniq_sigmund
D:3:      layout_loops_cross, lemuel_crystal_altar, uniq_terence
D:4:      layout_layer_cave

Skill      XL: |  1  2  3  4  5  6 |
---------------+-------------------+-----
Axes           | 3 5 6 7 |  7.3
Fighting       | |  3.0
Armour         | |  1.7
Dodging        | |  1.7

Action                     |  1- 3 |  4- 6 |  7- 9 || total
---------------------------+-------+-------+-------++-------
  Melee: Hand axe          |   108 |   111 |       ||   219
         Headbutt          |     7 |    20 |       ||    27
         Punch             |       |     2 |       ||     2
 Invoke: Berserk           |     2 |     4 |       ||     6
         Trog's Hand       |       |     1 |       ||     1
    Use: Scroll            |       |     1 |       ||     1
         Potion            |       |     1 |       ||     1
 Armour: Animal skin       |    19 |       |       ||    19
         Chain mail        |    48 |    94 |       ||   142
  Dodge: Dodged            |    42 |    78 |       ||   120

Table legend: (Time is in decaauts)
 A = Elapsed time spent in this place.
 B = Non-inter-level travel time spent in this place.
 C = Inter-level travel time spent in this place.
 D = Time resting spent in this place.
 E = Time spent auto-exploring this place.
 F = Levels seen in this place.
 G = Mean time per level.
                   A        B        C        D        E       F      G
               +--------+--------+--------+--------+--------+-----+--------+
         Total |   2622 |   2557 |     65 |    234 |   1844 |   4 |  655.5 |
       Dungeon |   2622 |   2557 |     65 |    234 |   1844 |   4 |  655.5 |
               +--------+--------+--------+--------+--------+-----+--------+

Top non-repeatable levels by time:
     D:2: 835 daAuts
     D:3: 763 daAuts
     D:1: 568 daAuts
     D:4: 455 daAuts
